 Dungeon Crawl Stone Soup version 0.29-a0-1043-g569b05d6ff (webtiles) character file.

Game seed: 3506006019770224515

141 SkeletonJelly the Chopper (level 5, -16/46 HPs)
             Began as a Minotaur Fighter on Aug 16, 2022.
             Demolished by an ogre
             ... wielding a +0 giant club
              (20 damage)
             ... on level 3 of the Dungeon.
             The game lasted 00:04:00 (2280 turns).

SkeletonJelly the Chopper (Minotaur Fighter)        Turns: 2280, Time: 00:04:01

Health: -16/46     AC: 12    Str: 22    XL:     5   Next: 3%
Magic:  4/4        EV:  4    Int:  5    God:
Gold:   103        SH:  9    Dex: 16    Spells: 4/4 levels left

rFire   . . .      SeeInvis .   a - +0 war axe
rCold   . . .      Faith    .   v - +0 kite shield
rNeg    . . .      Spirit   .   y - +0 plate armour
rPois   .          Reflect  .   (helmet restricted)
rElec   .          Harm     .   (no cloak)
rCorr   .          Rampage  .   (no gloves)
Will    .....                   e - +0 pair of boots
Stlth   ..........              (no amulet)
HPRegen 0.15/turn               r - +6 ring of dexterity
MPRegen 0.09/turn               (no ring)

@: no status effects
A: horns 2, retaliatory headbutt
a: no special abilities


You were on level 3 of the Dungeon.
You visited 1 branch of the dungeon, and saw 4 of its levels.

You collected 103 gold pieces.

Inventory:

Hand Weapons
 a - a +0 war axe (weapon)
Missiles
 x - 5 poisoned darts (quivered)
Armour
 b - a +0 scale mail
 c - a +0 buckler
 e - a +0 pair of boots (worn)
 s - the +2 ring mail "Fublov" {rElec rF- Int+10 Dex+3}
   (You found it on level 2 of the Dungeon)

   Int:       It affects your intelligence (+10).
   Dex:       It affects your dexterity (+3).
   rF:        It makes you vulnerable to fire.
   rElec:     It insulates you from electricity.
 v - a +0 kite shield (worn)
 y - a +0 plate armour (worn)
Jewellery
 r - a +6 ring of dexterity (left hand)
Scrolls
 f - 4 scrolls of identify {unknown}
 i - a scroll of blinking {unknown}
 k - a scroll of noise {unknown}
 n - 2 scrolls of fear {unknown}
 o - 2 scrolls of magic mapping {unknown}
 p - 3 scrolls of poison {unknown}
 q - 2 scrolls of teleportation {unknown}
 u - a scroll of acquirement {unknown}
 w - a scroll of butterflies {unknown}
Potions
 d - a potion of might
 g - 2 potions of haste {unknown}
 h - a potion of flight {unknown}
 j - 2 potions of degeneration {unknown}
 l - 3 potions of invisibility {unknown}
 m - a potion of heal wounds {unknown}
 t - a potion of lignification {unknown}


   Skills:
 + Level 4.2 Fighting
 * Level 5.7 Axes
 - Level 3.6 Armour
 + Level 3.9 Shields


You had 4 spell levels left.
You didn't know any spells.
Your spell library contained the following spells:

 Spells                   Type           Power      Damage    Failure   Level
 Apportation              Tloc           0%         N/A       100%        1
 Necrotise                Necr           0%         1d4       100%        1
 Summon Small Mammal      Summ           0%         N/A       100%        1
 Alistair's Intoxication  Tmut/Pois      0%         N/A       100%        5


Dungeon Overview and Level Annotations

Branches:
Dungeon (4/15)
 Temple: D:4-7

Altars:
Sif Muna

Shops:
D:1 (

Annotations:
D:4 Pikel


Innate Abilities, Weirdness & Mutations

You have a pair of horns on your head.
You reflexively headbutt those who attack you in melee.


Message History

You barely miss the hobgoblin. You closely miss the bat.
The bat hits you but does no damage.
The hobgoblin hits you but does no damage.
The bat completely misses you. You furiously retaliate!
You headbutt the bat!
You kill the bat!
You completely miss the hobgoblin. You headbutt the hobgoblin.
The hobgoblin is almost dead.
You block the hobgoblin's attack. x2
You hit the hobgoblin but do no damage.
The hobgoblin is almost dead.
You block the hobgoblin's attack.
You hit the hobgoblin.
The hobgoblin is almost dead.
The hobgoblin barely misses you. You block the hobgoblin's attack.
You hit the hobgoblin.
You kill the hobgoblin!
No target in view!
No target in view!
No target in view!
There is a stone staircase leading down here.
Key pressed, stopping explore.
Key pressed, stopping explore.
Key pressed, stopping explore.
You see here a hobgoblin skeleton.
Key pressed, stopping explore.
Done exploring.
Done exploring.
Done exploring.
Done exploring.
Done exploring.
Done exploring.
Done exploring.
Done exploring.
Done exploring.
Done exploring.
Search for what [Enter for "."]? .
You see here 4 poisoned darts.
x - 4 poisoned darts Search for what [Enter for "."]? .
x - 9 poisoned darts (gained 5)
Things that are here:
a +0 club; a goblin skeleton Search for what [Enter for "."]? .
There is an open door here.
You see here a +0 plate armour.
y - a +0 plate armour You start removing your armour.
You continue taking off your +0 scale mail. x4
You finish taking off your +0 scale mail.
You start putting on your armour.
You continue putting on your +0 plate armour. x5
You finish putting on your +0 plate armour.
Done exploring.
Done exploring.
Done exploring.
Done exploring.
Done exploring.
Done exploring.
Done exploring.
Done exploring.
Search for what [Enter for "."]? .
There is an open door here.
There is a stone staircase leading down here.
You climb downwards.
The ogre shouts!
Found a book of Minor Magic.
Found a stone staircase leading up.
There is a stone staircase leading up here.
An ogre is nearby!
An ogre is nearby!
An ogre is nearby!
An ogre is nearby!
You throw a poisoned dart. The poisoned dart hits the ogre.
You throw a poisoned dart.
The poisoned dart barely misses the ogre.
You hear a splash.
You throw a poisoned dart. The poisoned dart hits the ogre.
The ogre is poisoned.
Pikel, Merchant of Souls comes into view.
He is wielding a +0 whip of electrocution.
You throw a poisoned dart.
The poisoned dart barely misses the ogre.
Pikel shouts!
You hear a shout! x2
You barely miss the ogre. You headbutt the ogre.
The ogre is lightly wounded.
The ogre hits you with a +0 giant club!!
Ouch! That really hurt!
You take 23 damage, and have 23/46 hp.
MASSIVE DAMAGE!!
You are too injured to fight recklessly!
You are too injured to fight recklessly!
You are too injured to fight recklessly!
You are too injured to fight recklessly!
The ogre hits you with a +0 giant club!!
* * * LOW HITPOINT WARNING * * *
You climb upwards.
There is a stone staircase leading down here.
You take 19 damage, and have 4/46 hp.
MASSIVE DAMAGE!!
You hit the ogre.
The ogre is heavily wounded.
The ogre looks more healthy.
The ogre hits you with a +0 giant club!!
You die...

#...........#######.#.#
#...........+.#.....#.#
########..)......#<#####.#
..# ##.#)#.#.#.####....#
..#####.............#.####
...#.....#.....#.##.#.#
...#.............##...#
...#.....#.....#.######
.#######........@# ....#
#.#.#.#.#O#
....####.........#
.รท............#.##
..).............#
..............###
##..####......# ###.#
#......# # #.## #......#


You could see an ogre.

Vanquished Creatures
  A hound (D:3)
  5 adders
  2 worms
  2 dart slugs (D:1)
  7 bats
  7 endoplasms
  5 goblins
  3 hobgoblins
  7 kobolds
  3 quokkas
  6 ball pythons
  4 frilled lizards
  9 rats
61 creatures vanquished.

Notes
Turn   | Place    | Note
-------+----------+-------------------------------------------
     0 | D:1      | SkeletonJelly the Minotaur Fighter began the quest for the
                  | Orb.
     0 | D:1      | Reached XP level 1. HP: 19/19 MP: 0/0
    83 | D:1      | Reached skill level 3 in Axes
    93 | D:1      | Reached XP level 2. HP: 16/26 MP: 1/1
   498 | D:1      | Found Zirpheaf's Weapon Shop.
   570 | D:1      | Found a faded altar of an unknown god.
   702 | D:1      | Reached skill level 4 in Axes
   857 | D:1      | Reached XP level 3. HP: 31/31 MP: 2/2
  1292 | D:2      | Reached skill level 5 in Axes
  1296 | D:2      | Reached XP level 4. HP: 40/40 MP: 3/3
  1345 | D:2      | Found a shimmering blue altar of Sif Muna.
  1410 | D:2      | Identified the +2 ring mail "Fublov" {rElec rF- Int+10
                  | Dex+3}
  1963 | D:3      | Reached XP level 5. HP: 46/46 MP: 4/4
  2272 | D:4      | Noticed an ogre
  2275 | D:4      | Noticed Pikel
  2280 | D:3      | Demolished by an ogre

Illustrated notes

Levels and vault maps discovered:
D:1:      ncdulo_smallfort, layout_basic, chequers_ecumenical_altar_twisty,
          serial_shops, nicolae_shop_waterfront
D:2:      layout_basic, basic_altar, minmay_quadrilaterals
D:3:      layout_basic, st_stairs_2
D:4:      layout_basic, bloody_makhleb, minmay_temple_entry_offerings,
          st_stairs_10, chequers_serial_rivers_micro_d, uniq_menkaure,
          uniq_pikel

Skill      XL: |  1  2  3  4 |
---------------+-------------+-----
Axes           | 3 4 5 |  5.7
Fighting       | 4 |  4.2
Armour         | |  3.6
Shields        | |  3.9

Action                   |  1- 3 |  4- 6 || total
-------------------------+-------+-------++-------
Melee: War axe           |    86 |    44 ||   130
       Headbutt          |     6 |     7 ||    13
Throw: Dart              |       |     4 ||     4
Armor: Scale mail        |    41 |    26 ||    67
Dodge: Dodged            |    37 |    16 ||    53
Block: Buckler           |    18 |     3 ||    21
       Kite shield       |       |    14 ||    14

Table legend: (Time is in decaauts)
 A = Elapsed time spent in this place.
 B = Non-inter-level travel time spent in this place.
 C = Inter-level travel time spent in this place.
 D = Time resting spent in this place.
 E = Time spent auto-exploring this place.
 F = Levels seen in this place.
 G = Mean time per level.
                   A        B        C        D        E       F      G
               +--------+--------+--------+--------+--------+-----+--------+
         Total |   2326 |   2242 |     84 |      0 |   1809 |   4 |  581.5 |
       Dungeon |   2326 |   2242 |     84 |      0 |   1809 |   4 |  581.5 |
               +--------+--------+--------+--------+--------+-----+--------+

Top non-repeatable levels by time:
     D:2: 934 daAuts
     D:1: 897 daAuts
     D:3: 486 daAuts
     D:4: 7 daAuts
